 Dungeon Crawl Stone Soup version 0.31.0-32-g396128a36d (webtiles) character file.

Game seed: 5105062249152108836

864 Sidaq the Changeling (level 8, -3/57 HPs)
             Began as an Octopode Shapeshifter on Mar 25, 2024.
             Slain by an ice beast (11 damage)
             ... on level 6 of the Dungeon.
             The game lasted 00:06:55 (5341 turns).

Sidaq the Changeling (Octopode Shapeshifter)        Turns: 5341, Time: 00:06:56

Health: -3/57      AC:  1    Str: 14    XL:     8   Next: 3%
Magic:  8/8        EV: 13    Int: 14    God:
Gold:   268        SH:  0    Dex: 17    Spells: 7/7 levels left

rFire   . .          .
                       - Unarmed
rCold   . . .        (no shield)
rNeg    . . .        (helmet currently unavailable)
rPois   +            (no amulet)
rElec   .            D - +6 ring of dexterity
rCorr   .            P - ring of poison resistance
SInv    .            W - ring of willpower
Will    +....        L - ring of flight
Stlth   +++          (no ring)
HPRegen 0.29/turn    (no ring)
MPRegen 0.11/turn    (no ring)
                     (no ring)

%: no passive effects
@: beast-form, flying
A: beast (slay +3), almost no armour, amphibious, 8 rings, camouflage 1,
gelatinous body 1, (nimble swimmer 1), tentacles
a: Begin Untransformation


You were on level 6 of the Dungeon.
You were a hulking beast.
You visited 1 branch of the dungeon, and saw 6 of its levels.

You collected 268 gold pieces.


Innate Abilities, Weirdness & Mutations

You are a hulking beast.
Your limbs bulge with bestial killing power. (Slay +3)
You cannot wear most types of armour.
You are amphibious.
You can wear up to eight rings at the same time.
Your skin changes colour to match your surroundings (Stealth+).
Your rubbery body absorbs attacks. (AC +1, EV +1)
((You are camouflaged when in or above water. (Stealth+)))
You have tentacles for arms and can constrict up to eight enemies at once.


   Skills:
 - Level 6.0 Fighting
 - Level 2.0 Dodging
 - Level 4.0 Unarmed Combat
 + Level 6.1 Shapeshifting


You had 7 spell levels left.
You didn't know any spells.
Your spell library contained the following spells:

 Spells                   Type           Power      Damage    Failure   Level
 Apportation              Tloc           0%         N/A       28%         1
 Ensorcelled Hibernation  Hex/Ice        0%         N/A       41%         2
 Jinxbite                 Hex            0%         N/A       41%         2
 Passwall                 Erth           0%         N/A       65%         3
 Swiftness                Air            0%         N/A       65%         3
 Alistair's Intoxication  Alch           0%         N/A       100%        5

Inventory:

Missiles
 n - 4 poisoned darts (quivered)
Jewellery
 C - a ring of ice
 D - a +6 ring of dexterity (left tentacle)
 L - a ring of flight (on tentacle)
 P - a ring of poison resistance (right tentacle)
 W - a ring of willpower (on tentacle)
Talismans
 b - a beast talisman
 c - a flux talisman
Wands
 o - a wand of charming (15)
Scrolls
 d - 3 scrolls of immolation {unknown}
 f - 2 scrolls of enchant armour {unknown}
 i - a scroll of silence {unknown}
 j - a scroll of vulnerability {unknown}
 k - a scroll of revelation
 l - a scroll of enchant weapon {unknown}
 q - a scroll of amnesia {unknown}
 r - a scroll of teleportation {unknown}
 s - a scroll of noise {unknown}
Potions
 a - 3 potions of lignification
 e - a potion of curing {@q1}
 g - a potion of ambrosia
 h - 2 potions of cancellation
 m - 2 potions of heal wounds {@q2}
 p - 2 potions of mutation

Dungeon Overview and Level Annotations

Branches:
Dungeon (6/15)
 Temple: D:4-7

Altars:
Fedhas
Hepliaklqana
Vehumet
Wu Jian
Xom
Yredelemnul

Annotations:
D:2 1 runed translucent door, Crazy Yiuf
D:5 2 transporters, misterblockey's ghost, amateur FeBe
D:6 Jeremiah

#.......# .>.
#.......####### ..#
#............. ..#
#............. ..#
#............. ..#
#............. ..#
#......{...... ..#
#....hY.......
..##########....#+####...
...<.......#....#
......#....#....#
......#....#....+
......#....'....#
......###'##....#
+#...........####
+...........#


You could see an ice beast.


Message History

You tentacle-slap the ice beast. Your squeeze misses the ice beast.
The ice beast is lightly wounded.
The ice beast misses you.
You barely miss the ice beast.
The ice beast is lightly wounded.
The ice beast barely misses you.
The sky beast flickers out of sight!
Deactivating autopickup; reactivate with Ctrl-A.
You bludgeon the ice beast!
The ice beast is heavily wounded.
The ice beast misses you.
You tentacle-slap the ice beast.
The ice beast is heavily wounded.
The ice beast hits you. The ice beast freezes you! Something hits you.
Something shocks you.
You closely miss the ice beast. Your squeeze misses the ice beast.
The ice beast is heavily wounded.
The ice beast misses you. Something hits you. Something shocks you.
You tentacle-slap the ice beast but do no damage.
The ice beast is heavily wounded.
The ice beast hits you. The ice beast freezes you!
* * * LOW HITPOINT WARNING * * *
Something hits you.
* * * LOW HITPOINT WARNING * * *
Something shocks you.
* * * LOW HITPOINT WARNING * * *
The ice beast attacks as it pursues you!
The ice beast hits you.
* * * LOW HITPOINT WARNING * * *
The ice beast freezes you!
You die...

Skill      XL: |  1  2  3  4  5  6  7 |
---------------+----------------------+-----
Fighting       | 2 3 4 5 6 |  6.0
Shapeshifting  | 4 5 6 |  6.1
Unarmed Combat | 4 |  4.0
Dodging        | |  2.0

Action                     |  1- 3 |  4- 6 |  7- 9 || total
---------------------------+-------+-------+-------++-------
  Melee: Unarmed           |    70 |   135 |    67 ||   272
         Constrict         |    22 |    43 |    14 ||    79
         Tentacles         |    10 |    41 |    11 ||    62
         Punch             |       |     8 |     4 ||    12
  Throw: Dart              |       |       |     3 ||     3
    Use: Scroll            |       |       |     6 ||     6
   Stab: Sleeping          |     4 |     7 |     1 ||    12
 Armour: Skin              |    36 |    57 |    32 ||   125
  Dodge: Dodged            |    50 |    58 |    26 ||   134

Levels and vault maps discovered:
D:1:      lightli_arrival_maybe_door_vault, layout_basic
D:2:      layout_rooms, minmay_liquid_box, uniq_crazy_yiuf_cottage
D:3:      layout_basic, overflow_temple_1_default
D:4:      cheibrodos_pilgrimage, layout_basic, mainiacjoe_overflow_24_doors,
          nicolae_vehumet_altar_sigil, grunt_temple_overflow_open
D:5:      layout_cave_pods, mainiacjoe_overflow_alcove_4,
          gammafunk_ghost_mausoleum, uniq_menkaure, uniq_edmund
D:6:      cheibrodos_fertilizer, layout_gridville, uniq_jeremiah

Notes
Turn   | Place    | Note
-------+----------+-------------------------------------------
     0 | D:1      | Sidaq the Octopode Shapeshifter began the quest for the
                  | Orb.
     0 | D:1      | Reached XP level 1. HP: 13/13 MP: 1/1
   115 | D:1      | Reached skill level 2 in Fighting
   115 | D:1      | Reached XP level 2. HP: 19/19 MP: 2/2
   219 | D:1      | Reached XP level 3. HP: 23/25 MP: 3/3
   227 | D:1      | Reached skill level 3 in Fighting
   823 | D:2      | Reached XP level 4. HP: 27/33 MP: 4/4
   987 | D:2      | Reached skill level 4 in Fighting
  1122 | D:2      | Found a runed translucent door.
  1123 | D:2      | Noticed Crazy Yiuf
  1534 | D:3      | Found a shimmering altar of Xom.
  1595 | D:3      | Reached XP level 5. HP: 8/38 MP: 5/5
  1598 | D:3      | HP: 3/38 [orc/+0 hand axe (3)]
  2312 | D:4      | Found a radiant altar of Vehumet.
  2370 | D:4      | Reached skill level 5 in Fighting
  2370 | D:4      | Reached skill level 4 in Shapeshifting
  2370 | D:4      | Reached XP level 6. HP: 26/45 MP: 6/6
  2480 | D:4      | Found an ornate altar of the Wu Jian Council.
  2487 | D:4      | Found a blossoming altar of Fedhas.
  2964 | D:4      | Found a basalt altar of Yredelemnul.
  3110 | D:4      | Reached skill level 5 in Shapeshifting
  3110 | D:4      | HP: 2/45 [something (3)]
  3628 | D:5      | Entered Level 5 of the Dungeon
  3628 | D:5      | Noticed misterblockey's ghost (amateur FeBe)
  3666 | D:5      | Found a transporter.
  3667 | D:5      | Found a transporter.
  3692 | D:5      | Reached XP level 7. HP: 29/50 MP: 7/7
  3901 | D:5      | Noticed Menkaure
  3908 | D:5      | Killed Menkaure
  3909 | D:5      | Reached skill level 6 in Fighting
  4335 | D:5      | Noticed Edmund
  4350 | D:5      | Killed Edmund
  4577 | D:5      | Found a hazy altar of Hepliaklqana.
  4782 | D:5      | Reached skill level 6 in Shapeshifting
  4922 | D:5      | HP: 4/52 [orc priest/+0 club (3)]
  4925 | D:5      | Reached skill level 4 in Unarmed Combat
  4925 | D:5      | Reached XP level 8. HP: 6/57 MP: 8/8
  4927 | D:5      | HP: 3/57 [orc/+0 hand axe (1)]
  5263 | D:6      | Noticed Jeremiah
  5341 | D:6      | Slain by an ice beast

Vanquished Creatures
  Menkaure (D:5)
  Edmund (D:5)
  A jelly (D:5)
  2 hounds (D:5)
  A gnoll bouda (D:4)
  4 orc priests
  4 orc wizards
  12 gnolls
  5 adders
  A shadow imp (D:5)
  2 dart slugs
  20 orcs
  8 ball pythons
  5 endoplasms
  3 giant cockroaches (D:1)
  5 goblins
  7 hobgoblins
  11 jackals
  4 quokkas
  7 bats
  5 frilled lizards
  10 kobolds
  6 rats
125 creatures vanquished.

Table legend: (Time is in decaauts)
 A = Elapsed time spent in this place.
 B = Non-inter-level travel time spent in this place.
 C = Inter-level travel time spent in this place.
 D = Time resting spent in this place.
 E = Time spent auto-exploring this place.
 F = Levels seen in this place.
 G = Mean time per level.
                   A        B        C        D        E       F      G
               +--------+--------+--------+--------+--------+-----+--------+
         Total |   5322 |   5141 |    181 |   1603 |   2747 |   6 |  887.0 |
       Dungeon |   5322 |   5141 |    181 |   1603 |   2747 |   6 |  887.0 |
               +--------+--------+--------+--------+--------+-----+--------+

Top non-repeatable levels by time:
     D:4: 1514 daAuts
     D:5: 1444 daAuts
     D:3: 891 daAuts
     D:1: 766 daAuts
     D:2: 629 daAuts
     D:6: 76 daAuts

Table legend:
 A = Non-vault XP
 B = Vault XP
 C = Vault XP percentage of total XP
 D = Non-vault monster count
 E = Vault monster count
 F = Vault count percentage of total count
                 A         B        C        D         E       F
            +---------+---------+-------+---------+---------+-------
      Total |     780 |     455 |  36.8 |     116 |       9 |   7.2
            +---------+---------+-------+---------+---------+-------
        D:1 |      61 |       0 |   0.0 |      29 |       0 |   0.0
        D:2 |      70 |       0 |   0.0 |      21 |       0 |   0.0
        D:3 |     167 |       0 |   0.0 |      24 |       0 |   0.0
        D:4 |     148 |     129 |  46.6 |      18 |       7 |  28.0
        D:5 |     334 |     326 |  49.4 |      24 |       2 |   7.7
            +---------+---------+-------+---------+---------+-------
